 Dungeon Crawl Stone Soup version 0.30-a0-335-ge5acde7520 (webtiles) character file.

Game seed: 9758126116173702334

8139 Muataran the Warrior (level 11, -4/112 HPs)
             Began as a Minotaur Fighter on Oct 30, 2022.
             Was a Believer of Qazlal.
             Slain by a dire elephant (23 damage)
             ... in a Gauntlet.
             The game lasted 00:23:51 (10308 turns).

Muataran the Warrior (Minotaur Fighter)            Turns: 10308, Time: 00:23:51

Health: -4/112     AC: 16    Str: 25    XL:     11   Next: 6%
Magic:  10/10      EV: 11    Int:  5    God:    Qazlal [**....]
Gold:   630        SH:  8    Dex: 10    Spells: 10/10 levels left

rFire   . . .      SeeInvis .    n - +2 mace (vorpal)
rCold   + + .      Faith    .    c - +0 buckler
rNeg    . . .      Spirit   .    r - +1 chain mail {rPois}
rPois   +          Reflect  .    (helmet restricted)
rElec   .          Harm     .    (no cloak)
rCorr   .          Rampage  +    J - +4 pair of gloves of Joxkatio {rC++}
Will    .....      NoTele   +    F - +0 pair of boots {rampage}
Stlth   ..........               (no amulet)
HPRegen 0.38/turn                w - +4 ring of evasion
MPRegen 0.12/turn                (no ring)

@: mighty, hasted, studying Fighting, very quick
A: horns 2, retaliatory headbutt
a: Renounce Religion, Upheaval


You were in a Gauntlet.
You worshipped Qazlal.
Qazlal was pleased with you.
You visited 2 branches of the dungeon, and saw 12 of its levels.
You also visited: Gauntlet.

You collected 630 gold pieces.

Inventory:

Hand Weapons
 n - a +2 vorpal mace (weapon)
Missiles
 o - 4 atropa-tipped darts (quivered)
 K - a throwing net
 N - 3 javelins
Armour
 c - a +0 buckler (worn)
 r - a +1 chain mail of poison resistance (worn)
 F - a +0 pair of boots of rampaging (worn)
 H - a +2 chain mail of cold resistance
 J - the +4 pair of gloves of Joxkatio (worn) {rC++}
   (You found it on level 7 of the Dungeon)

   rC:        It greatly protects you from cold.
 M - an orb of light
Jewellery
 s - an amulet of faith
 t - a ring of magical power
 w - a +4 ring of evasion (left hand)
 y - a +6 ring of intelligence
 L - a ring of ice
Wands
 a - a wand of light (11)
 u - a wand of flame (14)
 G - a wand of charming (7)
 Q - a wand of roots (4)
Scrolls
 b - 2 scrolls of blinking {unknown}
 f - 4 scrolls of identify
 h - a scroll of enchant armour {unknown}
 i - 2 scrolls of vulnerability
 m - 4 scrolls of poison
 q - a scroll of silence {unknown}
 A - 2 scrolls of enchant weapon
 B - a scroll of teleportation {unknown}
 C - a scroll of amnesia {unknown}
 E - 2 scrolls of immolation
 P - a scroll of torment {unknown}
Potions
 d - a potion of might
 e - a potion of lignification {unknown}
 g - 5 potions of haste
 j - a potion of flight {unknown}
 k - 2 potions of brilliance {unknown}
 l - 3 potions of heal wounds
 p - 2 potions of resistance {unknown}
 v - a potion of invisibility {unknown}
 x - 2 potions of degeneration {unknown}
 z - 2 potions of attraction {unknown}
 D - a potion of mutation {unknown}
 O - a potion of curing {unknown}


   Skills:
 + Level 15.0 Fighting
 - Level 3.1 Long Blades
 - Level 14.0 Maces & Flails
 - Level 3.8 Armour
 - Level 6.0 Shields


You had 10 spell levels left.
You didn't know any spells.
Your spell library contained the following spells:

 Spells                   Type           Power      Damage    Failure   Level
 Magic Dart               Conj           0%         1d3       99%         1
 Shock                    Conj/Air       0%         1d3       99%         1
 Cigotuvi's Dreadful Rot  Necr/Pois/Air  0%         N/A       100%        2
 Ensorcelled Hibernation  Hex/Ice        0%         N/A       100%        2
 Passwall                 Tmut/Erth      0%         N/A       100%        2
 Poisonous Vapours        Pois/Air       0%         N/A       100%        2
 Searing Ray              Conj           0%         2d4       100%        2
 Mephitic Cloud           Conj/Pois/Air  0%         N/A       100%        3
 Swiftness                Air            0%         N/A       100%        3
 Airstrike                Air            0%         2d(0-16)  100%        4
 Fulminant Prism          Conj/Hex       0%         3d5       100%        4


Dungeon Overview and Level Annotations

Branches:
Dungeon (11/15)            Temple (1/1) D:6            Lair (0/5) D:10
Gauntlet (1/1)
    Orc: D:9-12

Altars:
Ashenzari
Elyvilon
Gozag
Makhleb
Qazlal
Vehumet
Wu Jian
Xom
Yredelemnul
The Shining One

Shops:
D:3 *

Annotations:
D:2 Sigmund
D:6 3 runed translucent doors, oldriver's ghost, novice DjHW
D:7 3 runed translucent doors, Zonian's ghost, novice DjIE; koil's ghost, novice SpBr Gauntlet 7 transporters, 2 runed translucent doors, exclusion: 2 lightning spires


Innate Abilities, Weirdness & Mutations

You have a pair of horns on your head.
You reflexively headbutt those who attack you in melee.


Message History

You hit the dire elephant.
The dire elephant is lightly wounded.
You block the dire elephant's attack.
The dire elephant trunk-slaps you but does no damage.
You hit the dire elephant but do no damage.
The dire elephant is lightly wounded.
You hit the dire elephant but do no damage.
You headbutt the dire elephant!!
The dire elephant is moderately wounded.
The dire elephant tramples you!
* * * LOW HITPOINT WARNING * * *
You hold your ground!
The dire elephant trunk-slaps you!
* * * LOW HITPOINT WARNING * * *
It was a potion of heal wounds.
You feel much better.
You sock the dire elephant!
The dire elephant is moderately wounded.
The dire elephant tramples you!
You hold your ground!
The dire elephant trunk-slaps you but does no damage.
You sock the dire elephant!
The dire elephant is heavily wounded.
You hit the dire elephant.
The dire elephant is heavily wounded.
The dire elephant tramples you!
* * * LOW HITPOINT WARNING * * *
You hold your ground!
The dire elephant trunk-slaps you but does no damage.
You thump the dire elephant! You headbutt the dire elephant!
The dire elephant is severely wounded.
You hit the dire elephant but do no damage.
The dire elephant is severely wounded.
The dire elephant tramples you!
* * * LOW HITPOINT WARNING * * *
You hold your ground!
The dire elephant trunk-slaps you but does no damage.
You sock the dire elephant!
The dire elephant is almost dead.
You hit the dire elephant but do no damage.
The dire elephant is almost dead.
The dire elephant tramples you!!
You die...

....#.⌠.....#.....⌠.#.........⌠.
#.©.#...#########...#########...
#...#.∩.#.......#.⌠.#.......#.⌠.
..⌠.#...#)#.###.#...#:#.#.⌠.#...
#...##..#....#..#.⌠.#..P.P..#.⌠.
#.⌠ ##.#©.#©#.##©.©#©#.©.8.#©.©
.. ##≈.#[.#..Y######..P.P..####
#≈≈.#[###.###...#Q#.#.8.#...
##≈.#...†YY@#.⌠.#Q......#.⌠.
##.#########...#########...
#≈.........................
#≈≈≈#≈≈≈#≈≈≈#≈≈≈#≈≈≈#≈≈≈#≈≈≈
##≈###≈###≈###≈###≈###≈###≈# ##
### ### ### ### ### ###


You could see a dire elephant, 2 elephants, a tengu warrior and a tengu
conjurer.

Vanquished Creatures
  Pikel (D:9)
  An elephant (Gauntlet)
  2 trolls
  A queen bee (shapeshifter) (Gauntlet)
  4 flying skulls (Gauntlet)
  A vampire (D:10)
  2 shadows
  2 wraiths (D:10)
  Eustachio (D:6)
  10 yaks
  3 steam dragons
  An acid dragon (D:11)
  3 orc warriors
  2 black bears
  3 sky beasts
  2 ice beasts
  3 centaurs
  3 lemures (D:9)
  A phantom (D:5)
  A kobold brigand (D:6)
  2 bullfrogs
  2 necrophages
  2 scorpions
  5 wights
  9 killer bees
  A jelly (D:6)
  2 howler monkeys (D:8)
  6 hounds
  A gnoll bouda (D:9)
  3 iguanas
  Terence (D:2)
  9 orc wizards
  12 gnolls
  5 adders
  A white imp (D:7)
  A worm (D:4)
  5 dart slugs
  22 orcs
  7 bats
  3 endoplasms
  A giant cockroach (D:1)
  8 goblins
  10 hobgoblins
  11 kobolds
  2 quokkas
  9 ball pythons
  7 rats
194 creatures vanquished.

Vanquished Creatures (others)
  3 demonic plants
  2 withered plants (D:7)
5 creatures vanquished.

Grand Total: 199 creatures vanquished

Notes
Turn   | Place    | Note
-------+----------+-------------------------------------------
     0 | D:1      | Muataran the Minotaur Fighter began the quest for the Orb.
     0 | D:1      | Reached XP level 1. HP: 19/19 MP: 0/0
   118 | D:1      | Reached XP level 2. HP: 27/27 MP: 1/1
   472 | D:1      | Found a faded altar of an unknown god.
   472 | D:1      | Noticed a chaos spawn
  1070 | D:2      | Noticed Terence
  1088 | D:2      | Killed Terence
  1089 | D:2      | Reached skill level 4 in Fighting
  1089 | D:2      | Reached skill level 1 in Maces & Flails
  1089 | D:2      | Reached XP level 3. HP: 25/33 MP: 2/2
  1387 | D:2      | Noticed Sigmund
  1654 | D:3      | Reached XP level 4. HP: 40/40 MP: 3/3
  1745 | D:3      | You fall into a shaft and drop 2 floors!
  1745 | D:5      | Entered Level 5 of the Dungeon
  1750 | D:4      | Noticed a phantom
  1799 | D:4      | Reached skill level 5 in Shields
  1821 | D:4      | Reached XP level 5. HP: 47/47 MP: 4/4
  2055 | D:4      | Found a basalt altar of Yredelemnul.
  2067 | D:4      | Reached XP level 6. HP: 55/55 MP: 5/5
  2209 | D:4      | Reached skill level 5 in Fighting
  2545 | D:3      | Reached skill level 5 in Maces & Flails
  2822 | D:3      | Found an opulent altar of Gozag.
  2824 | D:3      | Found Gozag's Platinum Reserve.
  3215 | D:5      | Reached XP level 7. HP: 58/61 MP: 6/6
  3593 | D:5      | Reached skill level 6 in Fighting
  4139 | D:6      | Reached XP level 8. HP: 65/71 MP: 7/7
  4244 | D:6      | Found a runed translucent gate.
  4245 | D:6      | Found a runed translucent gate.
  4246 | D:6      | Found a runed translucent gate.
  4246 | D:6      | Noticed oldriver's ghost (novice DjHW)
  4269 | D:6      | Noticed Eustachio
  4289 | D:6      | Killed Eustachio
  4290 | D:6      | Reached skill level 7 in Fighting
  4345 | D:6      | Noticed a two-headed ogre
  4535 | D:6      | Found a staircase to the Ecumenical Temple.
  4562 | Temple   | Entered the Ecumenical Temple
  4569 | Temple   | Became a worshipper of Qazlal Stormbringer
  4700 | D:6      | Found a burning altar of Makhleb.
  4774 | D:6      | Found a white marble altar of Elyvilon.
  5128 | D:7      | Reached skill level 8 in Fighting
  5132 | D:7      | Reached skill level 10 in Maces & Flails
  5269 | D:7      | Reached XP level 9. HP: 60/82 MP: 8/8
  5384 | D:7      | Identified the +4 pair of gloves of Joxkatio {rC++}
  5722 | D:7      | Found a runed translucent gate.
  5722 | D:7      | Found a runed translucent gate.
  5722 | D:7      | Found a runed translucent gate.
  5727 | D:7      | Noticed Zonian's ghost (novice DjIE)
  5727 | D:7      | Noticed koil's ghost (novice SpBr)
  6072 | D:8      | Reached skill level 9 in Fighting
  6129 | D:8      | Reached * piety under Qazlal
  7256 | D:9      | Found a shimmering altar of Xom.
  7259 | D:9      | Found a broken altar of Ashenzari.
  7265 | D:9      | Noticed a troll
  7372 | D:9      | Noticed Pikel
  7396 | D:9      | Killed Pikel
  7397 | D:9      | Reached skill level 10 in Fighting
  7455 | D:9      | Reached XP level 10. HP: 86/93 MP: 9/9
  8131 | D:9      | Reached ** piety under Qazlal
  8339 | D:10     | Entered Level 10 of the Dungeon
  8407 | D:10     | Reached skill level 11 in Fighting
  8689 | D:10     | Found a glowing golden altar of the Shining One.
  8765 | D:10     | Found a staircase to the Lair.
  8880 | D:10     | Reached skill level 12 in Fighting
  9165 | D:10     | Reached skill level 13 in Fighting
  9359 | D:10     | Found a staircase to the Lair.
  9628 | D:10     | Found a glowing golden altar of the Shining One.
  9834 | D:11     | Identified a scroll of acquirement
  9834 | D:11     | Acquired a manual of Fighting
  9912 | D:11     | Found a gate leading to a gauntlet.
  9930 | Gauntlet | Entered a Gauntlet
  9930 | Gauntlet | Noticed a harpy
  9930 | Gauntlet | Found a transporter.
  9930 | Gauntlet | Found a transporter.
  9933 | Gauntlet | Found a transporter.
  9933 | Gauntlet | Found a transporter.
  9937 | Gauntlet | Found a transporter.
  9937 | Gauntlet | Found a transporter.
  9952 | Gauntlet | a harpy changed into a meliai
  9974 | Gauntlet | Noticed a tengu warrior
  9977 | Gauntlet | Found a transporter.
  9981 | Gauntlet | Found a transporter.
  9984 | Gauntlet | Noticed a dire elephant
  9984 | Gauntlet | Noticed an elephant
  9986 | Gauntlet | Noticed an elephant
  9987 | Gauntlet | Noticed an elephant
  9989 | Gauntlet | Found a transporter.
  9989 | Gauntlet | Found the +1 Delatra's gloves {ID++}
 10004 | Gauntlet | Found a runed translucent door.
 10006 | Gauntlet | Found a transporter.
 10008 | Gauntlet | Found a runed translucent door.
 10027 | Gauntlet | Found a transporter.
 10031 | Gauntlet | Found a transporter.
 10223 | Gauntlet | Reached skill level 14 in Fighting
 10252 | Gauntlet | Reached XP level 11. HP: 92/111 MP: 10/10
 10281 | Gauntlet | Identified the +1 hat "Sarraede" {rN+ Regen+ Str-3 Dex+5}
 10293 | Gauntlet | Reached skill level 15 in Fighting
 10308 | Gauntlet | Slain by a dire elephant

Illustrated notes

Levels and vault maps discovered:
D:1:      dpeg_arrival_round_a, layout_basic,
          dreamdust_ecumenical_altar_sealed_demon, grunt_decor_mini_mirrors,
          chequers_arboretum, ebering_dispersal_statue_hall,
          dreamdust_mushroom_princess
D:2:      layout_loops_ring, uniq_sigmund, uniq_terence
D:3:      layout_loops_corners, nicolae_gozag_zags_fifth_avenue
D:4:      layout_rooms, yredelemnul_altar_generic,
          hangedman_decor_clover_reticule
D:5:      layout_basic
D:6:      layout_loops_corners, elyvilon_altar_1,
          nicolae_overflow_crystal_walls, temple_pool_b, gammafunk_ghost_split,
          hangedman_abyss_or_decor_stabs, uniq_eustachio
D:7:      layout_basic, gammafunk_ghost_cemetery, patterned_corridor
D:8:      layout_loops_cross
D:9:      layout_roguey, nicolae_overflow_squiral, uniq_pikel
D:10:     layout_irregular_city, old_standard_altar, dpeg_oklobed_lair
D:11:     layout_irregular_city, gauntlet_entry_generic, lemuel_flame_loot_1
Temple:   nicolae_temple_superstar
Gauntlet: minmay_gauntlet_77_indecision [minmay_gauntlet_arena_77_hold_the_fort,
          minmay_gauntlet_arena_77_two_paths, minmay_gauntlet_arena_77_museum,
          minmay_gauntlet_arena_77_mirror,
          minmay_gauntlet_arena_77_broken_ladder,
          minmay_gauntlet_arena_77_shame_cube, gauntlet_exit_green]

Skill      XL: |  1  2  3  4  5  6  7  8  9 10 11 |
---------------+----------------------------------+-----
Long Blades    | 3 |  3.1
Shields        | 4 5 6 |  6.0
Fighting       | 4 5 6 8 10 14 15 | 15.0
Maces & Flails | 1 2 3 5 8 10 13 14 | 14.0
Armour         | |  3.8

Action                   |  1- 3 |  4- 6 |  7- 9 | 10-12 || total
-------------------------+-------+-------+-------+-------++-------
Melee: Long sword        |    26 |       |       |       ||    26
       Headbutt          |    11 |    18 |    48 |    35 ||   112
       Mace              |    50 |   104 |   264 |   183 ||   601
Evoke: Wand              |       |     1 |       |       ||     1
  Use: Scroll            |       |       |       |     8 ||     8
       Potion            |       |       |       |     3 ||     3
Armor: Scale mail        |    27 |       |       |       ||    27
       Chain mail        |    37 |    73 |    99 |    55 ||   264
Dodge: Dodged            |    34 |    34 |   122 |    57 ||   247
Block: Buckler           |    12 |    21 |    43 |    61 ||   137

Table legend: (Time is in decaauts)
 A = Elapsed time spent in this place.
 B = Non-inter-level travel time spent in this place.
 C = Inter-level travel time spent in this place.
 D = Time resting spent in this place.
 E = Time spent auto-exploring this place.
 F = Levels seen in this place.
 G = Mean time per level.
                   A        B        C        D        E       F      G
               +--------+--------+--------+--------+--------+-----+--------+
         Total |  10304 |   9515 |    789 |    495 |   7048 |  13 |  792.6 |
       Dungeon |   9928 |   9139 |    789 |    495 |   7048 |  11 |  902.5 |
        Temple |     14 |     14 |      0 |      0 |      0 |   1 |   14.0 |
      Gauntlet |    361 |    361 |      0 |      0 |      0 |   1 |  361.0 |
               +--------+--------+--------+--------+--------+-----+--------+

Top non-repeatable levels by time:
    D:10: 1476 daAuts
     D:9: 1142 daAuts
     D:6: 1072 daAuts
     D:5: 1057 daAuts
     D:1: 983 daAuts
     D:7: 957 daAuts
     D:3: 955 daAuts
     D:8: 872 daAuts
     D:4: 704 daAuts
     D:2: 610 daAuts
Gauntlet: 361 daAuts
    D:11: 96 daAuts
  Temple: 14 daAuts
